 Dungeon Crawl Stone Soup version 0.28.0-47-ge53b351184 (webtiles) character file.

Game seed: 5795214752309158071

54 Peloso the Covered (level 3, -2/33 HPs)
             Began as a Minotaur Fighter on Apr 29, 2022.
             Slain by a gnoll
             ... wielding a +0 spear
              (3 damage)
             ... on level 2 of the Dungeon.
             The game lasted 00:01:26 (1635 turns).

Peloso the Covered (Minotaur Fighter)               Turns: 1635, Time: 00:01:27

Health: -2/33      AC:  7    Str: 20    XL:     3   Next: 66%
Magic:  2/2        EV:  9    Int:  5    God:
Gold:   44         SH:  4    Dex: 11    Spells: 2/2 levels left

rFire   . . .      SeeInvis .   a - +0 long sword
rCold   . . .      Faith    .   c - +0 buckler
rNeg    . . .      Spirit   .   b - +0 scale mail
rPois   .          Reflect  .   (helmet restricted)
rElec   .          Harm     .   (no cloak)
rCorr   .          Rampage  .   (no gloves)
Will    .....                   (no boots)
Stlth   ..........              (no amulet)
HPRegen 0.11/turn               (no ring)
MPRegen 0.08/turn               (no ring)

@: no status effects
A: horns 2, retaliatory headbutt
a: no special abilities


You were on level 2 of the Dungeon.
You visited 1 branch of the dungeon, and saw 2 of its levels.

You collected 44 gold pieces.

Inventory:

Hand Weapons
 a - a +0 long sword (weapon)
Armour
 b - a +0 scale mail (worn)
 c - a +0 buckler (worn)
Scrolls
 e - a scroll of blinking {unknown}
 f - a scroll of identify {unknown}
 g - a scroll of brand weapon {unknown}
 h - a scroll of summoning {unknown}
Potions
 d - 2 potions of might
 i - a potion of brilliance {unknown}


   Skills:
 + Level 4.1 Fighting
 + Level 3.2 Long Blades
 + Level 4.4 Armour
 + Level 4.0 Shields


You had 2 spell levels left.
You didn't know any spells.
Your spell library was empty.

Dungeon Overview and Level Annotations

Branches:
Dungeon (2/15)

Altars:


Innate Abilities, Weirdness & Mutations

You have a pair of horns on your head.
You reflexively headbutt those who attack you in melee.


Message History

Found a stone staircase leading up. 2 gnolls come into view.
The gnoll shouts!
You hear a shout!
A gnoll comes into view. It is wielding a +0 flail.
There are monsters nearby!
There are monsters nearby!
You barely miss the gnoll. The gnoll hits you with a +0 whip.
You barely miss the gnoll.
You headbutt the gnoll, but do no damage.
You block the gnoll's attack. The gnoll hits you with a +0 whip.
You barely miss the gnoll. Your headbutt misses the gnoll.
The gnoll hits you but does no damage. You block the gnoll's attack.
The gnoll closely misses you. The gnoll hits you with a +0 whip!
You closely miss the gnoll. The gnoll misses you. You block the gnoll's attack.
You closely miss the gnoll.
The gnoll hits you from afar with a +0 spear.
The gnoll hits you but does no damage.
You slash the gnoll!
The gnoll is severely wounded.
The gnoll closely misses you. The gnoll completely misses you.
You completely miss the gnoll.
The gnoll is severely wounded.
The gnoll hits you but does no damage. The gnoll hits you with a +0 whip.
The gnoll closely misses you. The gnoll hits you with a +0 whip.
You closely miss the gnoll.
You headbutt the gnoll, but do no damage.
The gnoll is severely wounded.
The gnoll hits you from afar with a +0 spear.
The gnoll hits you with a +0 whip!
* * * LOW HITPOINT WARNING * * *
You hit the gnoll.
You kill the gnoll!
The gnoll hits you from afar with a +0 spear.
* * * LOW HITPOINT WARNING * * *
The gnoll hits you with a +0 spear.
* * * LOW HITPOINT WARNING * * *
You see here a +0 whip.
You closely miss the gnoll. The gnoll hits you but does no damage.
The gnoll hits you with a +0 spear.
You die...

####.# #....# ##. #
### #†##.# #.. .....#
#.#### #.# ## .#.#<#
#.# #.# #. ...... #.#
#.# .##.#.#.# #.# #.#
##!......# #.#
##.#####...##.# #.#
###...@gg......#
#.#############...##.#
#.......### ##.## #
#######.## #...##.##
#.# #.......# #.#
#...###.# #.# #..##
#.#######.##
#.........#


You could see 2 gnolls.

Vanquished Creatures
  A gnoll (D:2)
  An adder (D:2)
  3 dart slugs
  2 endoplasms (D:1)
  A giant cockroach (D:1)
  5 goblins
  2 hobgoblins
  3 kobolds
  2 quokkas
  3 ball pythons
  4 bats (D:1)
  A frilled lizard (D:2)
28 creatures vanquished.

Notes
Turn   | Place    | Note
-------+----------+-------------------------------------------
     0 | D:1      | Peloso the Minotaur Fighter began the quest for the Orb.
     0 | D:1      | Reached XP level 1. HP: 19/19 MP: 0/0
    21 | D:1      | Found a faded altar of an unknown god.
   174 | D:1      | Reached XP level 2. HP: 27/27 MP: 1/1
  1092 | D:2      | Reached XP level 3. HP: 22/33 MP: 2/2
  1634 | D:2      | HP: 1/33 [gnoll/+0 spear (1)]
  1635 | D:2      | Slain by a gnoll

Illustrated notes

Levels and vault maps discovered:
D:1:      dpeg_arrival_pits, layout_loops_corners, serial_forest,
          infiniplex_forest_clump_small, infiniplex_forest_lined_2,
          infiniplex_forest_lined_room_2, infiniplex_forest_corner_1,
          infiniplex_forest_lined_2, infiniplex_forest_join,
          infiniplex_forest_clump_small, ebering_ecumenical_altar_abandoned
D:2:      layout_loops_ring, basic_altar, serial_co_window_serial,
          co_window_paths_a, co_window_corner_a, co_window_paths_a,
          co_window_paths_b, co_window_of_opportunity_a, co_window_corner_a,
          co_window_paths_b, co_window_2corner, co_window_corner_cb,
          co_window_broadway_b, co_window_of_opportunity_c, co_window_corner_cb,
          co_window_sun, glass_columns_a

Skill      XL: |  1  2 |
---------------+-------+-----
Shields        | 4 |  4.0
Fighting       | 4 |  4.1
Long Blades    | 3 |  3.2
Armour         | 4 |  4.4

Action                   || total
-------------------------++-------
Melee: Long sword        ||    63
       Headbutt          ||    12
Armor: Scale mail        ||    27
Dodge: Dodged            ||    42
Block: Buckler           ||    16
